 Dungeon Crawl Stone Soup version 0.31-a0-965-g8a8ce12e04 (console) character file.

Game seed: 2635236581813983807

6299 questionabletactics the Arsonist (level 10, -5/61 HPs)
             Began as a Gargoyle Fire Elementalist on Oct 27, 2023.
             Was a Believer of Sif Muna.
             Slain by a boulder beetle (38 damage)
             ... on level 8 of the Dungeon.
             The game lasted 00:29:41 (10060 turns).

questionabletactics the Arsonist (GrFE)            Turns: 10060, Time: 00:29:42

Health: -5/61      AC: 18    Str: 11    XL:     10   Next: 95%
Magic:  15/20      EV: 19    Int: 17    God:    Sif Muna [**....]
Gold:   491        SH:  0    Dex: 14    Spells: 12/23 levels left

rFire   + + .        a - +2 whip (venom)
rCold   . . .        (no shield)
rNeg    + . .        K - +3 leather armour {rF+}
rPois   ∞            i - +1 helmet
rElec   +            H - +1 cloak
rCorr   .            G - +0 pair of gloves
SInv    .            (no boots)
Will    .....        (no amulet)
Stlth   ++           C - +5 ring of evasion
HPRegen 0.30/turn    f - ring of protection from fire
MPRegen 0.17/turn

%: no passive effects
@: no status effects
A: sickness immunity, AC +7, negative energy resistance 1, electricity
resistance, torment resistance 1, petrification resistance
a: Renounce Religion, Channel Magic


You were on level 8 of the Dungeon.
You worshipped Sif Muna.
Sif Muna was pleased with you.
You visited 2 branches of the dungeon, and saw 9 of its levels.

You collected 491 gold pieces.

Inventory:

Hand Weapons
 a - a +2 whip of venom (weapon)
 h - a +0 short sword
 u - a +0 quarterstaff
 E - a +2 trident of freezing
Missiles
 k - 43 poisoned darts
Armour
 i - a +1 helmet (worn)
 G - a +0 pair of gloves (worn)
 H - a +1 cloak (worn)
 K - a +3 leather armour of fire resistance (worn)
Magical Staves
 b - a staff of conjuration
Jewellery
 f - a ring of protection from fire (right hand)
 r - a ring of ice
 C - a +5 ring of evasion (left hand)
Wands
 t - a wand of iceblast (8)
Scrolls
 d - 4 scrolls of revelation {unknown}
 j - a scroll of noise {unknown}
 l - a scroll of enchant armour
 o - a scroll of amnesia {unknown}
 p - 2 scrolls of torment {unknown}
 q - a scroll of enchant weapon {unknown}
 v - 2 scrolls of blinking {unknown}
 x - a scroll of immolation {unknown}
 y - a scroll of teleportation {unknown}
 B - a scroll of fear {unknown}
 I - a scroll of poison {unknown}
Potions
 c - a potion of magic
 e - 2 potions of curing
 g - 6 potions of heal wounds
 m - a potion of cancellation
 n - a potion of berserk rage
 s - a potion of resistance {unknown}
 w - 2 potions of attraction {unknown}
 z - a potion of mutation {unknown}
 A - 2 potions of degeneration {unknown}
 D - a potion of lignification {unknown}
 F - a potion of enlightenment {unknown}


   Skills:
 - Level 6.5 Fighting
 + Level 6.0 Dodging
 - Level 2.1 Stealth
 - Level 7.0 Spellcasting
 - Level 5.2 Conjurations
 + Level 9.7 Fire Magic
 - Level 4.0 Invocations


You had 12 spell levels left.
You knew the following spells:

 Your Spells              Type           Power      Damage    Failure   Level
a - Foxfire               Conj/Fire      100%       2x1d9     1%          1
b - Scorch                Fire           78%        2d8       1%          2
c - Volatile Blastmotes   Fire/Tloc      44%        2d13      6%          3
d - Sticky Flame          Conj/Fire      31%        2d5       7%          4
e - Apportation           Tloc           12%        N/A       16%         1

Your spell library contained the following spells:

 Spells                   Type           Power      Damage    Failure   Level
 Kiss of Death            Conj/Necr      56%        2d9       5%          1
 Inner Flame              Hex/Fire       22%        N/A       6%          3
 Flame Wave               Conj/Fire      31%        2d9       7%          4
 Jinxbite                 Hex            12%        N/A       22%         2
 Wereblood                Tmut           6%         N/A       22%         2
 Confusing Touch          Hex            6%         N/A       41%         3
 Irradiate                Conj/Tmut      7%         3d14      82%         5
 Animate Dead             Necr           6%         N/A       83%         4
 Dispel Undead            Necr           6%         3d8       83%         4
 Alistair's Intoxication  Tmut/Pois      4%         N/A       99%         5
 Haunt                    Necr/Summ      3%         N/A       100%        7
 Summon Hydra             Summ           3%         N/A       100%        7
 Infestation              Necr           3%         N/A       100%        8
 Sublimation of Blood     Necr           Unusable   N/A       N/A         2

Dungeon Overview and Level Annotations

Branches:
Dungeon (8/15)             Temple (1/1) D:5
   Lair: D:8-11

Altars:
Ashenzari
Cheibriados
Dithmenos
Elyvilon
Fedhas
Gozag
Hepliaklqana
Kikubaaqudgha
Makhleb
Nemelex Xobeh
Okawaru
Qazlal
Ru
Sif Muna
Trog
Uskayaw
Vehumet
Wu Jian
Xom
Yredelemnul
Zin
The Shining One

Shops:
D:3 :

Annotations:
D:2 1 runed translucent door, Crazy Yiuf, Sigmund
D:3 Grinder
D:5 2 transporters, tinfoiltophat's ghost, novice DjAE
D:7 Joseph


Innate Abilities, Weirdness & Mutations

You are immune to sickness and miasma.
Your stone body is resilient. (AC +7)
You are immune to poison.
You resist negative energy. (rN+)
You are resistant to electric shocks. (rElec)
You are resistant to unholy torment.
You are immune to petrification.


Message History

You start removing your armour.
You continue taking off your +0 leather armour of cold resistance. x4
You finish taking off your +0 leather armour of cold resistance.
You feel less resistant to cold.
You start putting on your armour.
You continue putting on your +3 leather armour of fire resistance. x5
You finish putting on your +3 leather armour of fire resistance.
You feel resistant to fire.
You drop a +0 leather armour of cold resistance.
A two-headed ogre and a boulder beetle come into view.
The two-headed ogre shouts in stereo!
The boulder beetle curls into a ball and begins rolling!
A deep elf pyromancer comes into view.
It is wielding a +0 rapier of protection.
The boulder beetle curls into a ball and begins rolling!
Okay, then.
Casting: Sticky Flame (dangerous; 7% risk of failure)
Confirm with . or Enter, or press ? or * to list all spells.
A cloud of volatile blastmotes flares up around you!
The boulder beetle stops rolling and uncurls.
The cloud of blastmotes explodes!
The concussive blast engulfs the two-headed ogre!!
The two-headed ogre is heavily wounded.
The concussive blast engulfs you but does no damage.
You resist.
You are knocked back by the blast.
Casting: Volatile Blastmotes (dangerous; 6% risk of failure)
Confirm with . or Enter, or press ? or * to list all spells.
A cloud of volatile blastmotes flares up around you!
The boulder beetle curls into a ball and begins rolling!
The two-headed ogre attacks as it pursues you!
The two-headed ogre hits you with a +0 giant club!!
The cloud of blastmotes explodes!
The concussive blast engulfs the two-headed ogre!!
The two-headed ogre is almost dead.
The concussive blast engulfs you. You resist.
You are knocked back by the blast.
You hear a shout!
Okay, then.
The boulder beetle hits you!!!
Ouch! That really hurt!
You die...

......# ###.#..##..#[#..##..#.#
##'##+#####.#.#..#..##.##..#..#.#
..#.....#...#...##..#...#..##...#
..#.....##..#.B.#..##...##..#...#
##'##+##'...#.○##..#..#..#..##..#
)....#..##..#○.#..##..#..##..#..#
)###'#..#..##°##.......(.....##.#
.....#..#.###.OB..##.....##.....#
.._..'..'.###.##@............##.#
.....#..#[).)....................
'###'#..#)<.#####################
.....#..#...).....##.............
##'##'##'.........##...##########
..#.....#.........##...#
..#.....#...........[..#
##'##'###..............#
....).............##...#


You could see a boulder beetle (rolling) and a two-headed ogre.

Vanquished Creatures
  A hydra (D:8)
  2 centaur warriors (D:8)
  A deep elf pyromancer (D:8)
  A hornet (D:7)
  A wyvern (D:8)
  A shadow (D:6)
  A steam dragon (D:7)
  Menkaure (D:6)
  2 water moccasins
  An orc warrior (D:8)
  A sky beast (D:7)
  A black bear (D:6)
  6 ice beasts
  An ogre (D:6)
  A centaur (D:7)
  A phantom (D:6)
  A kobold brigand (D:4)
  2 bullfrogs (D:6)
  A gnoll sergeant (D:7)
  6 scorpions
  7 wights
  9 killer bees
  3 howler monkeys (D:6)
  4 jellies
  An orc priest (D:6)
  4 hounds
  2 sleepcaps
  2 iguanas
  An orc wizard (D:6)
  4 gnolls (D:7)
  10 adders
  A shadow imp (D:6)
  3 ufetubi
  14 orcs
  5 bats
  8 endoplasms
  2 giant cockroaches
  5 goblins
  4 hobgoblins
  7 jackals
  3 quokkas
  11 ball pythons
  2 frilled lizards (D:1)
  28 kobolds
  6 rats
179 creatures vanquished.

Vanquished Creatures (collateral kills)
  3 foxfires (D:4)
3 creatures vanquished.

Vanquished Creatures (others)
  214 foxfires
214 creatures vanquished.

Grand Total: 396 creatures vanquished

Notes
Turn   | Place    | Note
-------+----------+-------------------------------------------
     0 | D:1      | questionabletactics the Gargoyle Fire Elementalist began
                  | the quest for the Orb.
     0 | D:1      | Reached XP level 1. HP: 10/10 MP: 3/3
   206 | D:1      | Reached XP level 2. HP: 15/15 MP: 0/5
   696 | D:1      | Found a faded altar of an unknown god.
   915 | D:1      | Reached XP level 3. HP: 19/19 MP: 3/6
  1007 | D:1      | Learned a level 2 spell: Scorch
  1863 | D:2      | Noticed Sigmund
  1909 | D:2      | Reached skill level 4 in Fire Magic
  1909 | D:2      | Reached XP level 4. HP: 24/24 MP: 4/7
  1959 | D:2      | Found a runed translucent door.
  1960 | D:2      | Noticed Crazy Yiuf
  2391 | D:3      | Noticed Grinder
  2890 | D:3      | Reached XP level 5. HP: 28/28 MP: 5/9
  3149 | D:3      | Found Hir Zati's Book Emporium.
  3357 | D:4      | Noticed a kobold brigand
  3481 | D:4      | Killed a kobold brigand
  3482 | D:4      | Reached skill level 5 in Fire Magic
  3605 | D:4      | Reached skill level 1 in Fighting
  3605 | D:4      | Reached XP level 6. HP: 34/34 MP: 3/11
  4489 | D:5      | Entered Level 5 of the Dungeon
  4510 | D:5      | Reached XP level 7. HP: 40/40 MP: 8/13
  4765 | D:5      | Found a transporter.
  4769 | D:5      | Found a transporter.
  4770 | D:5      | Noticed tinfoiltophat's ghost (novice DjAE)
  4972 | D:5      | Found a staircase to the Ecumenical Temple.
  4992 | Temple   | Entered the Ecumenical Temple
  5022 | Temple   | Became a worshipper of Sif Muna the Loreminder
  5593 | D:6      | Reached skill level 6 in Fire Magic
  5708 | D:6      | Noticed a shadow
  5723 | D:6      | Killed a shadow
  5795 | D:6      | Reached skill level 7 in Fire Magic
  5804 | D:6      | Reached XP level 8. HP: 45/45 MP: 1/14
  5917 | D:6      | Learned a level 3 spell: Volatile Blastmotes
  5963 | D:6      | Reached skill level 8 in Fire Magic
  6346 | D:6      | Noticed Menkaure
  6349 | D:6      | Killed Menkaure
  6350 | D:6      | Reached skill level 5 in Spellcasting
  6404 | D:6      | Reached * piety under Sif Muna
  6405 | D:6      | Reached skill level 5 in Fighting
  6555 | D:6      | Reached skill level 1 in Invocations
  6582 | D:6      | Reached XP level 9. HP: 34/54 MP: 3/17
  6720 | D:6      | Found a shimmering altar of Xom.
  7885 | D:7      | Noticed Joseph
  8183 | D:7      | Learned a level 4 spell: Sticky Flame
  8189 | D:7      | Learned a level 1 spell: Apportation
  8727 | D:8      | Noticed a hornet
  8734 | D:7      | Killed a hornet
  8816 | D:8      | Reached skill level 5 in Conjurations
  8826 | D:7      | Reached XP level 10. HP: 56/59 MP: 9/20
  8891 | D:8      | Noticed a seven-headed hydra
  8945 | D:8      | Reached ** piety under Sif Muna
  9008 | D:8      | Found a shadowy altar of Dithmenos.
  9038 | D:8      | Noticed a centaur warrior
  9047 | D:8      | Killed a centaur warrior
  9219 | D:8      | Killed a seven-headed hydra
  9220 | D:8      | Reached skill level 5 in Dodging
  9228 | D:8      | Reached skill level 9 in Fire Magic
  9402 | D:8      | Noticed a centaur warrior
  9411 | D:8      | Killed a centaur warrior
  9584 | D:8      | Noticed a deep elf pyromancer
  9615 | D:8      | Killed a deep elf pyromancer
  9765 | D:8      | Found a stormy altar of Qazlal.
  9765 | D:8      | Found an opulent altar of Gozag.
  9901 | D:8      | Found a bloodstained altar of Trog.
  9902 | D:8      | Found a white marble altar of Elyvilon.
 10040 | D:8      | Noticed a two-headed ogre
 10040 | D:8      | Noticed a boulder beetle
 10040 | D:8      | Noticed a deep elf pyromancer
 10060 | D:8      | Slain by a boulder beetle

Illustrated notes

Levels and vault maps discovered:
D:1:      scummos_arrival_gate, layout_basic,
          dreamdust_ecumenical_altar_angels_and_demons, serial_bayou_pond_d,
          roderic_lattice_a, nicolae_titane
D:2:      layout_loops_ring, uniq_sigmund, uniq_crazy_yiuf_cottage
D:3:      layout_loops_ring, serial_shops, nicolae_shop_tiny_statue_garden,
          nicolae_figureground_sparkle, uniq_grinder
D:4:      kennysheep_kobold_camp, layout_gridville
D:5:      layout_basic, temple_green, gammafunk_ghost_hive
D:6:      layout_loops_ring, minmay_tree_intersection, minmay_ruined_shrine,
          uniq_menkaure
D:7:      layout_loops_cross, uniq_joseph
D:8:      minmay_tri_box, layout_rooms, mainiacjoe_overflow_divided_tiny,
          mainiacjoe_overflow_24_doors, gammafunk_temple_overflow_wave
Temple:   sentei_temple_godly_chess

Skill      XL: |  1  2  3  4  5  6  7  8  9 10 |
---------------+-------------------------------+-----
Conjurations   | 2 3 5 |  5.2
Fire Magic     | 4 5 7 8 9 |  9.7
Spellcasting   | 3 4 5 7 |  7.0
Fighting       | 1 2 5 6 |  6.5
Invocations    | 1 4 |  4.0
Dodging        | 3 6 |  6.0
Stealth        | |  2.1

Action                     |  1- 3 |  4- 6 |  7- 9 | 10-12 || total
---------------------------+-------+-------+-------+-------++-------
  Melee: Staff             |     7 |     7 |     1 |       ||    15
         Short sword       |     1 |       |       |       ||     1
         Whip              |       |    10 |    92 |    46 ||   148
         Punch             |       |     1 |     3 |       ||     4
   Cast: Foxfire           |    47 |    67 |    18 |       ||   132
         Scorch            |     3 |    16 |    96 |     8 ||   123
         Volatile Blastmot |       |       |     2 |     2 ||     4
         Sticky Flame      |       |       |     8 |    12 ||    20
  Evoke: Wand              |       |       |       |     4 ||     4
    Use: Scroll            |       |     3 |     2 |       ||     5
   Stab: Sleeping          |     1 |     1 |       |       ||     2
 Armour: Robe              |     7 |    15 |   104 |    34 ||   160
         Leather armour    |       |       |       |    38 ||    38
  Dodge: Dodged            |    13 |    32 |   156 |    65 ||   266

Table legend: (Time is in decaauts)
 A = Elapsed time spent in this place.
 B = Non-inter-level travel time spent in this place.
 C = Inter-level travel time spent in this place.
 D = Time resting spent in this place.
 E = Time spent auto-exploring this place.
 F = Levels seen in this place.
 G = Mean time per level.
                   A        B        C        D        E       F      G
               +--------+--------+--------+--------+--------+-----+--------+
         Total |  10080 |   9649 |    431 |   3055 |   4376 |   9 | 1120.0 |
       Dungeon |  10043 |   9612 |    431 |   3055 |   4376 |   8 | 1255.4 |
        Temple |     36 |     36 |      0 |      0 |      0 |   1 |   36.0 |
               +--------+--------+--------+--------+--------+-----+--------+

Top non-repeatable levels by time:
     D:6: 1935 daAuts
     D:1: 1407 daAuts
     D:7: 1346 daAuts
     D:4: 1190 daAuts
     D:8: 1174 daAuts
     D:5: 1097 daAuts
     D:2: 1009 daAuts
     D:3: 883 daAuts
  Temple: 36 daAuts
